 Dungeon Crawl Stone Soup version 0.29-a0-902-g0f71de6fce (webtiles) character file.

Game seed: 14735361948176750887

3163 BeingJoeMalik the Arsonist (level 9, -20/45 HPs)
             Began as a Tengu Fire Elementalist on July 25, 2022.
             Was a Priest of Okawaru.
             Killed from afar by an acid dragon (24 damage)
             ... with a splash of acid
             ... on level 8 of the Dungeon.
             The game lasted 00:21:49 (8596 turns).

BeingJoeMalik the Arsonist (TeFE)                   Turns: 8596, Time: 00:21:50

Health: -20/45     AC:  2    Str:  8    XL:     9   Next: 94%
Magic:  19/21      EV: 14    Int: 20    God:    Okawaru [***...]
Gold:   465        SH:  0    Dex: 15    Spells: 10/23 levels left

rFire   + . .      SeeInvis .   s - +2 spear (elec)
rCold   x . .      Faith    .   (no shield)
rNeg    . . .      Spirit   .   z - +0 steam dragon scales
rPois   .          Reflect  .   (helmet restricted)
rElec   .          Harm     .   B - +0 cloak
rCorr   .          Rampage  .   (no gloves)
Will    .....                   (boots unavailable)
Stlth   ++........              (no amulet)
HPRegen 0.15/turn               m - ring of fire
MPRegen 0.17/turn               (no ring)

@: corroded, flying quickly and evasively, quick
A: beak, talons 3, nimble flight
a: Renounce Religion, Heroism


You were on level 8 of the Dungeon.
You worshipped Okawaru.
Okawaru was most pleased with you.
You visited 2 branches of the dungeon, and saw 9 of its levels.
You also visited: Sewer.

You collected 465 gold pieces.

Inventory:

Hand Weapons
 r - a +4 vampiric spear
 s - a +2 spear of electrocution (weapon)
Missiles
 t - 4 poisoned darts
Armour
 a - a +1 robe
 w - a +2 buckler
 z - +0 steam dragon scales (worn)
 B - a +0 cloak (worn)
Jewellery
 m - a ring of fire (left hand)
Wands
 e - a wand of digging (8)
 x - a wand of light (29)
 y - a wand of paralysis (8)
 D - a wand of flame (15)
Scrolls
 d - 2 scrolls of vulnerability
 f - 4 scrolls of teleportation
 j - 2 scrolls of enchant weapon {unknown}
 o - a scroll of amnesia
 p - 5 scrolls of fear
 A - 3 scrolls of identify
 E - a scroll of poison {unknown}
 F - 2 scrolls of magic mapping
Potions
 b - a potion of magic
 c - a potion of resistance
 g - a potion of invisibility {unknown}
 h - a potion of lignification {unknown}
 i - 4 potions of haste
 k - 4 potions of curing
 l - a potion of might {unknown}
 n - 2 potions of heal wounds {unknown}
 q - a potion of flight {unknown}
 u - 3 potions of brilliance {unknown}
 v - 2 potions of berserk rage
 C - a potion of mutation {unknown}
 G - a potion of ambrosia {unknown}


   Skills:
 - Level 2.1 Dodging
 - Level 2.0 Stealth
 + Level 7.9 Spellcasting
 + Level 5.0 Conjurations
 + Level 11.4 Fire Magic


You had 10 spell levels left.
You knew the following spells:

 Your Spells              Type           Power      Damage    Failure   Level
a - Foxfire               Conj/Fire      100%       2x1d9     1%          1
b - Scorch                Fire           100%       2d10      1%          2
c - Conjure Flame         Conj/Fire      57%        6-21      1%          3
d - Magic Dart            Conj           100%       1d8       1%          1
e - Searing Ray           Conj           56%        2d6       1%          2
f - Flame Wave            Conj/Fire      57%        2d11      3%          4

Your spell library contained the following spells:

 Spells                   Type           Power      Damage    Failure   Level
 Inner Flame              Hex/Fire       46%        N/A       2%          3
 Fulminant Prism          Conj/Hex       9%         3d7       30%         4


Dungeon Overview and Level Annotations

Branches:
Dungeon (8/15)             Temple (1/1) D:4           Sewer (visited)
   Lair: D:8-11

Altars:
Ashenzari
Dithmenos
Elyvilon
Fedhas
Gozag
Hepliaklqana
Kikubaaqudgha
Nemelex Xobeh
Okawaru
Ru
Sif Muna
Uskayaw
Xom
Yredelemnul
Zin
The Shining One

Annotations:
D:4 2 runed translucent doors, xian's ghost, novice GnBr


Innate Abilities, Weirdness & Mutations

You have a beak for a mouth.
You have claws for feet.
Your magical nature lets you fly swiftly and evasively.


Message History

Casting: Scorch (safe; 1% risk of failure)
Confirm with . or Enter, or press ? or * to list all spells.
You feel a surge of power!
You conjure some foxfire!
The foxfire hits the acid dragon but does no damage.
The acid dragon spits acid at you. The splash of acid hits you!
The acid corrodes you!
The foxfire hits the acid dragon but does no damage.
Casting: Foxfire (safe; 1% risk of failure)
Confirm with . or Enter, or press ? or * to list all spells.
You feel a surge of power!
You conjure some foxfire!
Casting: Foxfire (safe; 1% risk of failure)
Confirm with . or Enter, or press ? or * to list all spells.
Aiming: Magic Dart (safe; 1% risk of failure)
Press: ? - help, Shift-Dir - straight line, f - acid dragon
Aim: an acid dragon (catching its breath, ally target, 100% to hit)
Okay, then.
Unknown command.
Unknown command.
The foxfire hits the acid dragon.
The acid dragon is lightly wounded.
The foxfire hits the acid dragon but does no damage.
The acid dragon is lightly wounded.
Casting: Magic Dart (safe; 1% risk of failure)
Confirm with . or Enter, or press ? or * to list all spells.
You feel a surge of power!
You conjure some foxfire!
The acid dragon spits acid at you. The splash of acid hits you!!
Ouch! That really hurt!
* * * LOW HITPOINT WARNING * * *
The foxfire hits the acid dragon.
The acid dragon is lightly wounded.
The foxfire hits the acid dragon.
The acid dragon is lightly wounded.
The acid dragon spits acid at you. The splash of acid hits you!
* * * LOW HITPOINT WARNING * * *
The acid dragon spits acid at you. The splash of acid hits you!!
Ouch! That really hurt!
You die...

...#.......## #.....##....
...#........###.<....#.#..
.$.....D.....#..........
...#..............##..###. .
##.............#....... ..
##.........#........# . ....
#.........##.......##..
.....##........##........##..
........[...@................
............)....#.....##.#..
............)<.........##....
...........##..........##....
..........####.............##
..>.......# #................
#........## #...............<
....##..## ###...#...........
... #..####......#.....#....


You could see an acid dragon (catching breath).

Vanquished Creatures
  Maggie (D:6)
  A troll (D:6)
  Menkaure (D:6)
  A sky beast (D:6)
  2 black bears
  Pargi (Sewer)
  3 ogres
  3 centaurs
  Blork the orc (D:4)
  A necrophage (D:3)
  2 bullfrogs (D:7)
  A gnoll sergeant (D:5)
  2 scorpions (D:5)
  11 wights
  2 hounds
  A gnoll bouda (D:4)
  3 orc priests
  6 iguanas
  5 orc wizards
  5 adders
  10 gnolls
  2 river rats (D:5)
  2 white imps (D:7)
  A worm (D:2)
  14 orcs
  12 bats
  3 endoplasms
  4 giant cockroaches
  7 goblins
  4 hobgoblins
  4 jackals
  2 quokkas (D:3)
  10 ball pythons
  2 frilled lizards
  5 kobolds
  8 rats
143 creatures vanquished.

Vanquished Creatures (others)
  346 foxfires
346 creatures vanquished.

Grand Total: 489 creatures vanquished

Notes
Turn   | Place    | Note
-------+----------+-------------------------------------------
     0 | D:1      | BeingJoeMalik the Tengu Fire Elementalist began the quest
                  | for the Orb.
     0 | D:1      | Reached XP level 1. HP: 10/10 MP: 4/4
   154 | D:1      | Found a faded altar of an unknown god.
   168 | D:1      | Reached XP level 2. HP: 15/15 MP: 4/6
  1033 | D:2      | Reached XP level 3. HP: 18/19 MP: 2/7
  1183 | D:2      | Learned a level 2 spell: Scorch
  1187 | D:2      | Learned a level 3 spell: Conjure Flame
  1338 | D:2      | Reached skill level 4 in Fire Magic
  1386 | D:2      | Found an opulent altar of Gozag.
  1630 | D:2      | Reached XP level 4. HP: 24/24 MP: 6/8
  2066 | D:3      | Reached skill level 5 in Fire Magic
  2224 | D:3      | Noticed a necrophage
  2233 | D:3      | Killed a necrophage
  2234 | D:3      | Gained mutation: Your magical nature lets you fly swiftly
                  | and evasively. [Tengu growth]
  2234 | D:3      | Reached XP level 5. HP: 28/28 MP: 2/9
  2367 | D:3      | Reached skill level 6 in Fire Magic
  2409 | D:3      | Learned a level 1 spell: Magic Dart
  2830 | D:4      | Noticed an ogre
  2834 | D:4      | Killed an ogre
  2835 | D:4      | Reached XP level 6. HP: 32/32 MP: 5/10
  2895 | D:4      | Found a staircase to the Ecumenical Temple.
  2908 | Temple   | Entered the Ecumenical Temple
  3653 | D:4      | Noticed Blork the orc
  3658 | D:4      | Killed Blork the orc
  3659 | D:4      | Reached skill level 7 in Fire Magic
  4055 | D:4      | Reached XP level 7. HP: 36/36 MP: 3/12
  4291 | D:4      | Found a large runed translucent door.
  4292 | D:4      | Found a large runed translucent door.
  4295 | D:4      | Noticed xian's ghost (novice GnBr)
  4326 | D:4      | Found a glowing silver altar of Zin.
  4853 | D:5      | Entered Level 5 of the Dungeon
  4872 | D:5      | Reached skill level 8 in Fire Magic
  4889 | D:5      | Found an iron altar of Okawaru.
  4896 | D:5      | Became a worshipper of Warmaster Okawaru
  5015 | D:5      | Found a glowing drain.
  5065 | Sewer    | Entered a sewer
  5119 | Sewer    | Noticed Pargi
  5126 | Sewer    | Killed Pargi
  5354 | D:5      | Reached XP level 8. HP: 26/41 MP: 7/15
  5355 | D:5      | Reached * piety under Okawaru
  5552 | D:5      | Reached skill level 9 in Fire Magic
  6031 | D:6      | Noticed Maggie
  6040 | D:6      | Killed Maggie
  6041 | D:6      | Reached skill level 5 in Spellcasting
  6121 | D:5      | Learned a level 2 spell: Searing Ray
  6265 | D:6      | Noticed Menkaure
  6276 | D:6      | Noticed a troll
  6325 | D:5      | Reached ** piety under Okawaru
  6326 | D:5      | Reached skill level 10 in Fire Magic
  6458 | D:6      | Killed Menkaure
  6459 | D:6      | Reached XP level 9. HP: 45/45 MP: 16/19
  6489 | D:6      | Killed a troll
  6573 | D:6      | Identified the +4 shortbow "Lacertilianslayer" {venom, rC-
                  | Will+++ Str+4 Dex-4}
  6873 | D:6      | Found a sparkling altar of Nemelex Xobeh.
  6874 | D:6      | Found a hide-covered altar of Uskayaw.
  7069 | D:6      | Found a blossoming altar of Fedhas.
  7357 | D:7      | Reached skill level 11 in Fire Magic
  7401 | D:7      | Found a hazy altar of Hepliaklqana.
  7677 | D:7      | Found an ancient bone altar of Kikubaaqudgha.
  7787 | D:7      | Reached *** piety under Okawaru
  8378 | D:8      | Reached skill level 5 in Conjurations
  8452 | D:8      | Learned a level 4 spell: Flame Wave
  8596 | D:8      | Killed from afar by an acid dragon

Illustrated notes

Levels and vault maps discovered:
D:1:      dpeg_arrival_tiny_a, layout_loops_corners,
          shapermc_ecumenical_altar_mp_ritualfount, minmay_hexomino_u4
D:2:      kennysheep_big_flooded_room, layout_basic, basic_altar
D:3:      layout_basic
D:4:      layout_layer_cave, zin_scriptorium, minmay_temple_entry_grid,
          ebering_ghost_disaster_area, uniq_blork_the_orc
D:5:      layout_rooms, nicolae_overflow_crystal_walls, portal_sewer_entry_e
D:6:      layout_rooms, lemuel_coloured_pillars_altar,
          gammafunk_temple_overflow_statue, uniq_menkaure, uniq_maggie
D:7:      layout_loops_ring, amcnicky_altar_gilded, lemuel_round_altar,
          grunt_decor_fettered
D:8:      layout_cave_pools, general_overflow_altar, vehumet_altar_wand_db
Temple:   chequers_temple_sunken

Skill      XL: |  1  2  3  4  5  6  7  8  9 |
---------------+----------------------------+-----
Conjurations   | 2 3 4 5 |  5.0
Fire Magic     | 4 5 6 7 8 10 11 | 11.4
Spellcasting   | 4 6 7 |  7.9
Dodging        | |  2.1
Stealth        | |  2.0

Action                   |  1- 3 |  4- 6 |  7- 9 || total
-------------------------+-------+-------+-------++-------
Melee: Unarmed           |     5 |       |       ||     5
       Kick              |     1 |       |     4 ||     5
       Peck              |     1 |       |     1 ||     2
       Spear             |       |       |    10 ||    10
 Cast: Foxfire           |    40 |    51 |   107 ||   198
       Scorch            |     3 |    11 |    69 ||    83
       Magic Dart        |       |     1 |     5 ||     6
Evoke: Wand              |       |       |     1 ||     1
  Use: Scroll            |       |     8 |     4 ||    12
       Potion            |       |       |     1 ||     1
Armor: Robe              |     1 |     1 |     1 ||     3
       Steam dragon scal |       |       |    11 ||    11
Dodge: Dodged            |    11 |     3 |    42 ||    56

Table legend: (Time is in decaauts)
 A = Elapsed time spent in this place.
 B = Non-inter-level travel time spent in this place.
 C = Inter-level travel time spent in this place.
 D = Time resting spent in this place.
 E = Time spent auto-exploring this place.
 F = Levels seen in this place.
 G = Mean time per level.
                   A        B        C        D        E       F      G
               +--------+--------+--------+--------+--------+-----+--------+
         Total |   8219 |   7860 |    359 |   2020 |   4783 |  10 |  821.9 |
       Dungeon |   7635 |   7313 |    322 |   2005 |   4305 |   8 |  954.4 |
        Temple |    468 |    431 |     37 |      0 |    425 |   1 |  468.0 |
         Sewer |    115 |    115 |      0 |     15 |     52 |   1 |  115.0 |
               +--------+--------+--------+--------+--------+-----+--------+

Top non-repeatable levels by time:
     D:4: 1555 daAuts
     D:7: 1181 daAuts
     D:5: 1145 daAuts
     D:2: 973 daAuts
     D:1: 908 daAuts
     D:3: 829 daAuts
     D:6: 818 daAuts
  Temple: 468 daAuts
     D:8: 224 daAuts
   Sewer: 115 daAuts
